 Dungeon Crawl Stone Soup version 0.16-a0-421-gd787d97 (webtiles) character file.

244 Kashira the Changer (level 5, -3/22 HPs)
             Began as a Felid Transmuter on Sept 15, 2014.
             Slain by an orc
             ... wielding a +0 hand axe
              (6 damage)
             ... on Level 4 of the Dungeon.
             The game lasted 00:20:32 (4233 turns).

Kashira the Changer (Felid Transmuter)              Turns: 4233, Time: 00:20:34

HP  -3/22        AC  2     Str 11      XL: 5   Next: 83%
MP  10/12        EV 22     Int 15      God:
Gold 98          SH  0     Dex 22      Spells:  3 memorised,  2 levels left
Lives: 0, deaths: 1

rFire  . . .     SeeInvis +       - Unarmed
rCold  . . .     Clarity  .     (armour unavailable)
rNeg   . . .     rCorr    .     (shield unavailable)
rPois  x         rRot     .     (helmet unavailable)
rElec  .         Spirit   .     (cloak unavailable)
SustAb .         Warding  .     (gloves unavailable)
rMut   +         Stasis   .     (boots unavailable)
Gourm  .                        e - amulet of resist mutation
MR     .....                    (no ring)
                                (no ring)

@: mighty, lethally poisoned, spider-form, not resistant to hostile
enchantments, unstealthy
A: paw claws, no armour, no weapons or thrown items, (fangs 0), see invisible,
carnivore 3, (speed 0), (shaggy fur 0), slow metabolism 1, jump 1
a: Jump Attack, End Transformation


You were on level 4 of the Dungeon.
You were not hungry.
You were in spider-form.
You visited 1 branch of the dungeon, and saw 4 of its levels.

You collected 98 gold pieces.

Inventory:

Missiles
 b - 86 arrows
Magical devices
 i - a wand of digging (0)
Comestibles
 f - a meat ration
Scrolls
 a - a scroll of enchant armour {unknown}
 c - a scroll of teleportation {unknown}
 j - 5 scrolls of identify {unknown}
 n - a scroll of noise {unknown}
 o - a scroll of recharging {unknown}
 p - a scroll of amnesia {unknown}
Jewellery
 e - an amulet of resist mutation (around neck)
 h - an uncursed ring of teleport control {unknown}
Potions
 k - a potion of degeneration {unknown}
 l - a potion of brilliance {unknown}
Books
 d - a book of Changes

   Spells                             Type                      Level
   *Beastly Appendage                 Transmutation                1
   *Sticks to Snakes                  Transmutation                2
   *Spider Form                       Transmutation/Poison         3
   Ice Form                           Ice/Transmutation            4
   Blade Hands                        Transmutation                5
 m - a book of the Warp

   Spells                             Type                      Level
   Control Teleport                   Charms/Translocation         4
   Phase Shift                        Translocation                5
   Warp Weapon                        Charms/Translocation         5
   Dispersal                          Translocation                6
   Controlled Blink                   Translocation                7
   Disjunction                        Translocation                8


   Skills:
 - Level 1.0 Fighting
 - Level 2.9 Dodging
 - Level 1.3 Stealth
 - Level 3.2 Unarmed Combat
 - Level 2.1 Spellcasting
 + Level 6.6 Transmutations
 - Level 1.0 Poison Magic


You had 2 spell levels left.
You knew the following spells:

 Your Spells              Type           Power        Failure   Level  Hunger
a - Beastly Appendage     Trmt           ###...       6%          1    #......
b - Sticks to Snakes      Trmt           ###.......   8%          2    ###....
c - Spider Form           Trmt/Pois      ##........   36%         3    ####...


Dungeon Overview and Level Annotations

Branches:
Dungeon (4/15)
 Temple: D:4-7

Altars:
Trog


Innate Abilities, Weirdness & Mutations

You cannot wear armour.
You are incapable of wielding weapons or throwing items.
((Your paws have sharp claws.))
((You have razor-sharp teeth.))
You have supernaturally acute eyesight.
You are carnivorous and can eat meat at any time.
((You cover ground quickly.))
((You are covered in fur (AC +1).))
You have a slow metabolism.
You can jump attack at a short distance.


Message History

The giant mite closely misses you. The adder bites you.
* * * LOW HITPOINT WARNING * * *
You are more poisoned.
The adder poisons you!
A goblin and an orc come into view.
* * * LOW HITPOINT WARNING * * *
You feel sick.
The giant cockroach completely misses you.
Drink which item? (? for menu, Esc to quit)
Okay, then.
Read which item? (? for menu, Esc to quit)
Okay, then.
Drink which item? (? for menu, Esc to quit)
You feel very mighty all of a sudden.
It was a potion of might.
* * * LOW HITPOINT WARNING * * *
You feel sick.
You kill the giant cockroach!
The adder misses you. The orc hits you with a hand axe.
You die...

. #.#######
........#
)........#
........<#
.........#
...l.$.s.S#
.......os.#
##.S#.#####
.... g..


You could see an iguana, 2 adders, a giant mite and an orc.

Vanquished Creatures
  An orc priest (D:3)
  A hound (D:3)
  Crazy Yiuf (D:2)
  An orc wizard (D:3)
  7 adders
  A giant mite (D:3)
  2 worms (D:3)
  3 giant geckos
  16 orcs
  A giant cockroach (D:4)
  5 goblins
  18 hobgoblins
  8 jackals
  4 kobolds
  A ball python (D:1)
  6 bats
  7 giant newts
  8 rats
91 creatures vanquished.

Vanquished Creatures (collateral kills)
  A goblin (D:1)
  2 hobgoblins (D:1)
3 creatures vanquished.

Vanquished Creatures (others)
  A kobold (D:1)
1 creature vanquished.

Grand Total: 95 creatures vanquished

Notes
Turn   | Place    | Note
--------------------------------------------------------------
     0 | D:1      | Kashira, the Felid Transmuter, began the quest for the Orb.
     0 | D:1      | Reached XP level 1. HP: 9/9 MP: 4/4
    70 | D:1      | Reached XP level 2. HP: 9/12 MP: 3/5
   607 | D:1      | Learned a level 2 spell: Sticks to Snakes
   867 | D:1      | Reached XP level 3. HP: 15/15 MP: 6/8
   872 | D:1      | Learned a level 3 spell: Spider Form
  1825 | D:2      | Noticed Crazy Yiuf
  2149 | D:2      | Found a bloodstained altar of Trog.
  2272 | D:2      | Reached skill level 4 in Transmutations
  2290 | D:2      | Reached XP level 4. HP: 19/19 MP: 8/10
  2377 | D:2      | Killed Crazy Yiuf
  2377 | D:2      | Reached skill level 1 in Stealth
  2377 | D:2      | Reached skill level 1 in Poison Magic
  2941 | D:3      | Slain by an orc
  2942 | D:3      | Reached XP level 3. HP: 0/15 MP: 7/8
  3132 | D:3      | Reached XP level 4. HP: 15/19 MP: 7/10
  3291 | D:3      | Reached skill level 5 in Transmutations
  3300 | D:3      | Reached XP level 5. HP: 22/22 MP: 10/12
  3313 | D:3      | Reached skill level 6 in Transmutations
  4233 | D:4      | Slain by an orc

Action                   |  1- 3 |  4- 6 || total
-------------------------+-------+-------++-------
Melee: Unarmed           |   110 |   108 ||   218
 Cast: Beastly Appendage |    17 |     7 ||    24
       Sticks to Snakes  |     4 |     3 ||     7
       Spider Form       |     9 |    20 ||    29
 Abil: Jump Attack       |     9 |    13 ||    22
  Use: Potion            |       |     2 ||     2
 Stab: Distracted        |     2 |       ||     2
  Eat: Chunk             |     4 |     5 ||     9
       Meat ration       |     1 |       ||     1
